 Dungeon Crawl Stone Soup version 0.29-a0-817-g9904bce7a6 (webtiles) character file.

Game seed: 9973140931744522601

2844 buhh the Basher (level 9, 0/75 HPs)
             Began as a Minotaur Fighter on July 5, 2022.
             Was a Follower of Okawaru.
             Slain by a hornet (13 damage)
             ... on level 7 of the Dungeon.
             The game lasted 00:09:39 (6370 turns).

buhh the Basher (Minotaur Fighter)                  Turns: 6370, Time: 00:09:39

Health: 0/75       AC:  7    Str: 26    XL:     9   Next: 46%
Magic:  8/8        EV: 10    Int:  5    God:    Okawaru [*.....]
Gold:   1210       SH:  5    Dex:  9    Spells: 8/8 levels left

rFire   + . .      SeeInvis .   h - +10 dark maul {vorpal}
rCold   . . .      Faith    .   (shield currently unavailable)
rNeg    . . .      Spirit   .   b - +0 scale mail
rPois   .          Reflect  +   (helmet restricted)
rElec   .          Harm     .   (no cloak)
rCorr   .          Rampage  .   (no gloves)
Will    .....                   (no boots)
Stlth   ..........              d - amulet of reflection
HPRegen 0.22/turn               p - ring of protection from fire
MPRegen 0.11/turn               (no ring)

@: lethally poisoned (0 -> -1), slowed, very slow
A: horns 2, retaliatory headbutt
a: Renounce Religion, Heroism


You were on level 7 of the Dungeon.
You worshipped Okawaru.
Okawaru was aware of your devotion.
You visited 2 branches of the dungeon, and saw 8 of its levels.

You collected 1210 gold pieces.

Inventory:

Hand Weapons
 a - a +0 war axe
 h - the +10 dark maul (weapon) {vorpal}
   (You acquired it on level 3 of the Dungeon)

   It inflicts extra damage upon your enemies.
Missiles
 e - 11 poisoned darts (quivered)
Armour
 b - a +0 scale mail (worn)
 c - a +0 buckler
Jewellery
 d - an amulet of reflection (around neck)
 p - a ring of protection from fire (left hand)
 t - a ring of wizardry
Wands
 v - a wand of digging (9)
 y - a wand of polymorph (6)
 B - a wand of flame (4)
 D - a wand of acid (10)
 F - a wand of iceblast (4)
Scrolls
 g - 7 scrolls of identify {!d}
 j - 2 scrolls of fog {unknown}
 k - a scroll of fear {unknown}
 n - a scroll of enchant weapon {unknown}
 s - 2 scrolls of immolation {unknown}
 w - a scroll of poison {unknown}
 z - 2 scrolls of teleportation {unknown}
 P - 2 scrolls of magic mapping {!r!d}
Potions
 f - a potion of might
 i - a potion of flight {unknown}
 l - 2 potions of lignification {unknown}
 m - a potion of ambrosia {unknown}
 o - a potion of berserk rage {unknown}
 q - a potion of attraction {unknown}
 r - 3 potions of curing {unknown}
 u - 2 potions of brilliance {unknown}
 x - 2 potions of degeneration {unknown}
 A - 4 potions of heal wounds {unknown}
 U - a potion of mutation {!d}


   Skills:
 - Level 6.0 Fighting
 - Level 4.3(9.4) Axes
 + Level 12.9(13.2) Maces & Flails
 - Level 6.0 Armour
 - Level 5.1 Shields


You had 8 spell levels left.
You didn't know any spells.
Your spell library contained the following spells:

 Spells                   Type           Power      Damage    Failure   Level
 Slow                     Hex            0%         N/A       75%         1
 Confusing Touch          Hex            0%         N/A       98%         3
 Vampiric Draining        Necr           0%         2d6       98%         3
 Passage of Golubria      Tloc           0%         N/A       100%        4
 Yara's Violent Unravell  Hex/Tmut       0%         3d3       100%        5
 Tukima's Dance           Hex            Unusable   N/A       N/A         3

Dungeon Overview and Level Annotations

Branches:
Dungeon (7/15) Zot: 26735  Temple (1/1) D:6 Zot: 5911

Altars:
Ashenzari
Dithmenos
Fedhas
Gozag
Hepliaklqana
Makhleb
Nemelex Xobeh
Okawaru
Qazlal
Ru
Sif Muna
Trog
Uskayaw
Wu Jian
Xom
Zin
The Shining One

Shops:
D:1 [

Annotations:
D:4 1 runed translucent door, zeratav's ghost, amateur TrFi
D:6 2 runed translucent doors, Crazy Yiuf; zhov's ghost, novice DsFi


Innate Abilities, Weirdness & Mutations

You have a pair of horns on your head.
You reflexively headbutt those who attack you in melee.


Message History

You barely miss the hornet.
You feel yourself speed up.
The hornet stings you but does no damage.
The hornet stings you!
You feel yourself slow down.
The hornet stings you but does no damage.
The hornet barely misses you.
The hornet stings you but does no damage. x2
You thump the hornet!
The hornet is moderately wounded.
You feel yourself speed up. The hornet stings you.
You feel yourself slow down.
The hornet stings you but does no damage.
The hornet stings you.
You are poisoned.
You feel as though you will be slow longer.
The hornet stings you!
You suddenly lose the ability to move!
The hornet stings you.
You feel as though you will be slow longer.
You can move again.
You are too injured to fight recklessly!
Unknown command.
You completely miss the hornet. Your headbutt misses the hornet.
The hornet is moderately wounded.
You feel very sick. The hornet barely misses you. The hornet stings you!
* * * LOW HITPOINT WARNING * * *
You feel as though you will be slow longer.
You block the hornet's attack. The hornet closely misses you.
You block the hornet's attack.
You barely miss the hornet. Your headbutt misses the hornet.
The hornet is moderately wounded.
You feel very sick. The hornet stings you.
* * * LOW HITPOINT WARNING * * *
You feel as though you will be slow longer.
The hornet stings you but does no damage.
The hornet barely misses you. The hornet stings you!
You die...

. .# .#### . ....# .##
#... ..# # ##... #.###.#
### #...y#####..... ..
##...@.....# #########
#...$.<....###........
.)......................
.###..........#.........
##.........#.........
........#..##..>.....
........##...........#
......................#
................)......


You could see a hornet.

Vanquished Creatures
  Prince Ribbit (D:5)
  Grinder (D:3)
  Sigmund (D:3)
  Eustachio (D:5)
  Menkaure (D:6)
  Edmund (D:6)
  Duvessa (D:6)
  2 water moccasins (D:7)
  3 ice beasts
  2 black bears (D:4)
  An ogre (D:5)
  A phantom (D:7)
  Blork the orc (D:5)
  2 scorpions
  4 wights (D:5)
  Dowan (D:6)
  2 hounds
  2 jellies
  An orc priest (D:6)
  Ijyb (D:3)
  Jessica (D:3)
  3 iguanas
  Terence (D:3)
  An orc wizard (D:6)
  Robin (D:2)
  4 gnolls
  7 adders
  2 ufetubi (D:5)
  15 orcs
  5 bats
  7 endoplasms
  3 giant cockroaches
  17 goblins
  7 hobgoblins
  16 jackals
  4 quokkas
  10 ball pythons
  3 frilled lizards
  10 kobolds
  3 rats (D:1)
  A spectral goblin (D:3)
151 creatures vanquished.

Vanquished Creatures (others)
  49 plants
49 creatures vanquished.

Grand Total: 200 creatures vanquished

Notes
Turn   | Place    | Note
-------+----------+-------------------------------------------
     0 | D:1      | buhh the Minotaur Fighter began the quest for the Orb.
     0 | D:1      | Reached XP level 1. HP: 19/19 MP: 0/0
   146 | D:1      | Reached XP level 2. HP: 21/27 MP: 1/1
   475 | D:1      | Found a faded altar of an unknown god.
   552 | D:1      | Reached XP level 3. HP: 33/33 MP: 2/2
   677 | D:1      | Found Tamuegank's Armour Boutique.
  1025 | D:2      | Noticed Robin
  1044 | D:2      | Killed Robin
  1045 | D:2      | Reached XP level 4. HP: 31/41 MP: 3/3
  1762 | D:3      | Noticed Sigmund
  1771 | D:3      | Killed Sigmund
  1772 | D:3      | Reached XP level 5. HP: 48/48 MP: 4/4
  1772 | D:3      | Reached XP level 6. HP: 56/56 MP: 5/5
  1772 | D:3      | Identified a scroll of acquirement
  1775 | D:3      | Acquired the +10 dark maul {vorpal}
  1775 | D:3      | Found the +10 dark maul {vorpal}
  1848 | D:3      | Noticed Ijyb
  1856 | D:3      | Killed Ijyb
  1899 | D:3      | Found a burning altar of Makhleb.
  1952 | D:3      | Noticed Jessica
  1957 | D:3      | Killed Jessica
  1958 | D:3      | Reached skill level 1 in Maces & Flails
  2009 | D:3      | Noticed Grinder
  2011 | D:3      | Paralysed by Grinder for 5 turns
  2018 | D:3      | Paralysed by Grinder for 4 turns
  2022 | D:3      | Killed Grinder
  2022 | D:3      | Noticed Terence
  2023 | D:3      | Reached skill level 2 in Maces & Flails
  2023 | D:3      | Reached XP level 7. HP: 6/62 MP: 6/6
  2403 | D:3      | Killed Terence
  2581 | D:3      | Found a hazy altar of Hepliaklqana.
  2823 | D:4      | Reached skill level 3 in Maces & Flails
  2833 | D:4      | Reached skill level 4 in Maces & Flails
  3149 | D:4      | Found a runed translucent door.
  3346 | D:4      | Reached skill level 5 in Maces & Flails
  3399 | D:4      | Noticed zeratav's ghost (amateur TrFi)
  3451 | D:5      | Entered Level 5 of the Dungeon
  3519 | D:5      | Found an ornate altar of the Wu Jian Council.
  3627 | D:5      | Noticed Prince Ribbit
  3629 | D:5      | Noticed Blork the orc
  3630 | D:5      | Killed Blork the orc
  3631 | D:5      | Reached skill level 6 in Maces & Flails
  3637 | D:5      | Killed Prince Ribbit
  3638 | D:5      | Reached skill level 7 in Maces & Flails
  3638 | D:5      | Reached XP level 8. HP: 24/70 MP: 7/7
  3874 | D:5      | Noticed Eustachio
  3875 | D:5      | Reached skill level 8 in Maces & Flails
  3875 | D:5      | Killed Eustachio
  3881 | D:5      | Found a shadowy altar of Dithmenos.
  3915 | D:5      | Acquired 878 gold pieces
  3938 | D:5      | Reached skill level 9 in Maces & Flails
  4174 | D:5      | Reached skill level 10 in Maces & Flails
  4613 | D:5      | Found an iron altar of Okawaru.
  5173 | D:6      | Found a staircase to the Ecumenical Temple.
  5185 | D:6      | Noticed Edmund
  5193 | D:6      | Reached skill level 11 in Maces & Flails
  5193 | D:6      | Reached XP level 9. HP: 52/75 MP: 8/8
  5194 | D:6      | Killed Edmund
  5202 | Temple   | Entered the Ecumenical Temple
  5379 | D:5      | Became a worshipper of Warmaster Okawaru
  5453 | D:6      | Noticed Dowan
  5456 | D:6      | Noticed Duvessa
  5460 | D:6      | Killed Duvessa
  5463 | D:6      | Killed Dowan
  5464 | D:6      | Reached skill level 12 in Maces & Flails
  5651 | D:6      | Noticed Menkaure
  5657 | D:6      | Killed Menkaure
  5657 | D:6      | Reached * piety under Okawaru
  6016 | D:6      | Found a runed translucent door.
  6016 | D:6      | Noticed zhov's ghost (novice DsFi)
  6093 | D:6      | Found a runed translucent door.
  6094 | D:6      | Noticed Crazy Yiuf
  6368 | D:7      | Paralysed by a hornet for 3 turns
  6370 | D:7      | Slain by a hornet

Illustrated notes

Levels and vault maps discovered:
D:1:      minmay_arrival_five_plusses, layout_loops_ring, serial_shops,
          nicolae_lakefront_shop, dilly_ecumenical_altar_fadedgnrine
D:2:      layout_loops_ring, minmay_surrounded, uniq_robin
D:3:      layout_loops_ring, mainiacjoe_overflow_small_starburst,
          nicolae_hepliaklqana_monster_ancestors, serial_bayou_ford_a,
          uniq_grinder, uniq_terence, uniq_ijyb, uniq_jessica, uniq_sigmund
D:4:      layout_gridville, ebering_ghost_sewer_d
D:5:      layout_loops_ring, pdpol_wu_jian_five_deadly_venoms,
          okawaru_altar_gauntlet_db, grunt_dithmenos_smoke,
          serial_bayou_lagoon_a, uniq_prince_ribbit1, uniq_blork_the_orc,
          uniq_eustachio
D:6:      layout_cave_pools, minmay_temple_entry_junction,
          hellmonk_ghost_happy_afterlife, uniq_crazy_yiuf_cottage, uniq_edmund,
          uniq_duvessa, uniq_menkaure
D:7:      layout_cave_pools, slow_altar_2, old_standard_altar, nrook_campfire,
          nicolae_benzene_ring
Temple:   nicolae_temple_no_exploring_needed

Skill      XL: |  1  2  3  4  5  6  7  8  9 |
---------------+----------------------------+-----
Fighting       | 4 5 6 |  6.0
Armour         | 4 5 6 |  6.0
Shields        | 4 5 |  5.1
Axes           | 3 4 |  4.3
Maces & Flails | 2 7 11 12 | 12.9

Action                   |  1- 3 |  4- 6 |  7- 9 || total
-------------------------+-------+-------+-------++-------
Melee: War axe           |    67 |    33 |       ||   100
       Headbutt          |     7 |     3 |     8 ||    18
       Maul              |       |    13 |   117 ||   130
Evoke: Wand              |       |     5 |       ||     5
  Use: Scroll            |       |     4 |     1 ||     5
       Potion            |       |     1 |       ||     1
Armor: Scale mail        |    31 |    17 |    53 ||   101
Dodge: Dodged            |    32 |    27 |    78 ||   137
Block: Buckler           |    42 |    23 |       ||    65
       Reflection        |     2 |       |     1 ||     3
       Other             |       |     2 |    48 ||    50

Table legend: (Time is in decaauts)
 A = Elapsed time spent in this place.
 B = Non-inter-level travel time spent in this place.
 C = Inter-level travel time spent in this place.
 D = Time resting spent in this place.
 E = Time spent auto-exploring this place.
 F = Levels seen in this place.
 G = Mean time per level.
                   A        B        C        D        E       F      G
               +--------+--------+--------+--------+--------+-----+--------+
         Total |   6634 |   6283 |    351 |    717 |   4590 |   8 |  829.2 |
       Dungeon |   6546 |   6195 |    351 |    717 |   4503 |   7 |  935.1 |
        Temple |     88 |     88 |      0 |      0 |     87 |   1 |   88.0 |
               +--------+--------+--------+--------+--------+-----+--------+

Top non-repeatable levels by time:
     D:5: 1780 daAuts
     D:2: 1397 daAuts
     D:6: 921 daAuts
     D:1: 750 daAuts
     D:3: 719 daAuts
     D:4: 716 daAuts
     D:7: 260 daAuts
  Temple: 88 daAuts
